 Dungeon Crawl Stone Soup version 0.28.0-45-g0d030f2227 (webtiles) character file.

Game seed: 11841357468106890083

17 Zeld the Shield-Bearer (level 2, 0/24 HPs)
             Began as a Formicid Fighter on Apr 7, 2022.
             Slain by a goblin
             ... wielding a +0 club
              (4 damage)
             ... on level 1 of the Dungeon.
             The game lasted 00:00:49 (634 turns).

Zeld the Shield-Bearer (Formicid Fighter)            Turns: 634, Time: 00:00:49

Health: 0/24       AC:  6    Str: 20    XL:     2   Next: 80%
Magic:  2/2        EV:  9    Int:  7    God:
Gold:   0          SH:  4    Dex: 10    Spells: 1/1 levels left

rFire   . . .      SeeInvis +   a - +0 war axe
rCold   . . .      Faith    .   c - +0 buckler
rNeg    . . .      Spirit   .   b - +0 scale mail
rPois   .          Reflect  .   (helmet unavailable)
rElec   .          Harm     .   (no cloak)
rCorr   .          Rampage  .   (no gloves)
Will    .....                   (no boots)
Stlth   ..........              (no amulet)
HPRegen 0.08/turn               (no ring)
MPRegen 0.08/turn               (no ring)

@: no status effects
A: permanent stasis, dig shafts and tunnels, antennae 3, four strong arms
a: Dig, Shaft Self


You were on level 1 of the Dungeon.
You visited 1 branch of the dungeon, and saw 1 of its levels.

Inventory:

Hand Weapons
 a - a +0 war axe (weapon)
Armour
 b - a +0 scale mail (worn)
 c - a +0 buckler (worn)
Jewellery
 e - a +6 ring of strength
Potions
 d - 3 potions of might


   Skills:
 + Level 3.4 Fighting
 * Level 2.4 Axes
 + Level 3.3 Armour
 + Level 0.4 Dodging
 * Level 4.0 Shields


You had one spell level left.
You didn't know any spells.
Your spell library was empty.

Dungeon Overview and Level Annotations

Branches:
Dungeon (1/15)

Altars:


Innate Abilities, Weirdness & Mutations

You cannot be hasted, slowed, berserked, paralysed or teleported.
You can dig through walls and to a lower floor.
You have a pair of large antennae on your head. (SInv)
Your four strong arms can wield two-handed weapons with a shield.


Message History

A kobold comes into view. It is wielding a +0 whip.
The endoplasm freezes you.
You are frozen.
The dart slug bites you but does no damage.
You hit the dart slug.
The dart slug is severely wounded.
You hit the goblin. You hit the endoplasm. The goblin hits you with a +0 club.
The endoplasm freezes you.
You are frozen.
You block the dart slug's attack. The goblin closely misses you.
You slash the dart slug!
You kill the dart slug!
You barely miss the endoplasm. You miss the goblin. The endoplasm hits you.
You block the goblin's attack.
The endoplasm hits you but does no damage.
Your Shields skill increases to level 4!
You barely miss the goblin.
The goblin is heavily wounded.
You barely miss the kobold. You hit the endoplasm.
The kobold hits you but does no damage. The goblin hits you but does no damage.
The endoplasm freezes you.
You are frozen.
The kobold hits you but does no damage.
Unknown command.
You are too injured to fight recklessly!
You are too injured to fight recklessly!
Unknown command.
You barely miss the goblin.
The goblin is moderately wounded.
The goblin hits you with a +0 club.
* * * LOW HITPOINT WARNING * * *
The goblin barely misses you.
There is a stone staircase leading down here.
Okay, then.
There is a stone staircase leading down here.
Are you sure you want to shaft yourself?
The goblin hits you with a +0 club.
* * * LOW HITPOINT WARNING * * *
You begin to dig a shaft.
You continue digging a shaft.
The goblin hits you with a +0 club.
You die...

#.....#
#............##.####.#
#..K.# #.###......†....#
##.#.# #.##.....##..####
#.#K###.#.......#..#
#.#...K............#######.
#.#####.#.......#..........
#. #.##.......#.########
#.#####.###J..##..........
#.........Kg@#####.....(..
#######.###### #.#######
#.##########.#
#............#
##############


You could see an endoplasm, a goblin and a kobold.

Vanquished Creatures
  A dart slug (D:1)
  A ball python (D:1)
  A giant cockroach (D:1)
  3 hobgoblins (D:1)
  3 jackals (D:1)
  A bat (D:1)
  2 frilled lizards (D:1)
  A goblin (D:1)
  A kobold (D:1)
14 creatures vanquished.

Notes
Turn   | Place    | Note
-------+----------+-------------------------------------------
     0 | D:1      | Zeld the Formicid Fighter began the quest for the Orb.
     0 | D:1      | Reached XP level 1. HP: 18/18 MP: 1/1
   183 | D:1      | Reached XP level 2. HP: 12/24 MP: 2/2
   618 | D:1      | Reached skill level 4 in Shields
   634 | D:1      | Slain by a goblin

Illustrated notes

Levels and vault maps discovered:
D:1:      roderic_octagonal_star, layout_loops_ring,
          shapermc_ecumenical_altar_pompeii, minmay_pentomino_o4

Skill      XL: |  1  2 |
---------------+-------+-----
Shields        | 4 |  4.0
Fighting       | |  3.4
Axes           | |  2.4
Armour         | |  3.3
Dodging        | |  0.4

Action                   || total
-------------------------++-------
Melee: War axe           ||    42
 Abil: Dig               ||     1
       Shaft Self        ||     1
Armor: Scale mail        ||    26
Dodge: Dodged            ||    23
Block: Buckler           ||    10
